 Dungeon Crawl Stone Soup version 0.29.1-2-gbd0b4ee654 (webtiles) character file.

Game seed: 1413626493127950126

522 raph the Frost Mage (level 7, -2/46 HPs)
             Began as a Merfolk Ice Elementalist on Oct 28, 2022.
             Was an Initiate of Gozag.
             Succumbed to a hornet's poison
             ... on level 5 of the Dungeon.
             The game lasted 00:06:26 (5415 turns).

raph the Frost Mage (Merfolk Ice Elementalist)      Turns: 5415, Time: 00:06:27

Health: -2/46      AC: 14    Str:  9    XL:     7   Next: 22%
Magic:  10/10      EV: 13    Int: 22    God:    Gozag
Gold:   369        SH:  0    Dex: 20    Spells: 3/10 levels left

rFire   . . .      SeeInvis .   d - +1 short sword
rCold   . . .      Faith    .   (no shield)
rNeg    . . .      Spirit   .   a - +0 robe
rPois   .          Reflect  .   (no helmet)
rElec   .          Harm     .   (no cloak)
rCorr   .          Rampage  .   f - +1 pair of gloves
Will    .....                   g - +1 pair of boots
Stlth   ++........              i - amulet of the acrobat
HPRegen 0.15/turn               k - +6 ring of dexterity
MPRegen 0.12/turn               l - +6 ring of intelligence

@: lethally poisoned (-2 -> -16), ice-armoured, freezing walls, slowed, very
slow
A: (nimble swimmer 2), mertail
a: Renounce Religion, Potion Petition, Call Merchant, Bribe Branch


You were on level 5 of the Dungeon.
You worshipped Gozag.
Gozag was aware of your devotion.
You visited 1 branch of the dungeon, and saw 5 of its levels.

You collected 439 gold pieces.
You paid 70 gold pieces to Gozag.

Inventory:

Hand Weapons
 d - a +1 short sword (weapon)
 j - a +1 dagger of venom
Missiles
 e - 2 javelins
 n - 8 poisoned darts
Armour
 a - a +0 robe (worn)
 f - a +1 pair of gloves (worn)
 g - a +1 pair of boots (worn)
Jewellery
 i - an amulet of the acrobat (around neck)
 k - a +6 ring of dexterity (left hand)
 l - a +6 ring of intelligence (right hand)
Scrolls
 m - 2 scrolls of immolation
 r - 3 scrolls of teleportation
Potions
 c - a potion of lignification
 h - 2 potions of curing
 o - a potion of flight {unknown}
 p - a potion of heal wounds {unknown}
 q - a potion of cancellation {unknown}


   Skills:
 - Level 2.6 Dodging
 - Level 2.1 Stealth
 - Level 2.0 Spellcasting
 + Level 9.3 Ice Magic


You had 3 spell levels left.
You knew the following spells:

 Your Spells              Type           Power      Damage    Failure   Level
a - Freeze                Ice            100%       1d11      1%          1
b - Frozen Ramparts       Ice            86%        1d13      1%          3
c - Ozocubu's Armour      Ice            43%        N/A       1%          3

Your spell library contained the following spells:

 Spells                   Type           Power      Damage    Failure   Level
 Blink                    Tloc           4%         N/A       21%         2
 Scorch                   Fire           4%         2d5       21%         2
 Static Discharge         Conj/Air       2%         3-4/arc   21%         2
 Sublimation of Blood     Necr           2%         N/A       21%         2
 Wereblood                Tmut           2%         N/A       21%         2
 Hailstorm                Conj/Ice       22%        3d7       21%         4
 Flame Wave               Conj/Fire      2%         2d4       80%         4
 Lightning Bolt           Conj/Air       1%         1d12      98%         5
 Manifold Assault         Tloc           2%         N/A       98%         5
 Summon Cactus Giant      Summ           1%         N/A       100%        6
 Storm Form               Tmut/Air       1%         N/A       100%        7
 Summon Hydra             Summ           1%         N/A       100%        7
 Maxwell's Capacitive Co  Air            1%         ∞         100%        8


Dungeon Overview and Level Annotations

Branches:
Dungeon (5/15)
 Temple: D:4-7

Altars:
Gozag
Vehumet
Yredelemnul

Annotations:
D:4 1 runed translucent door, t4s4d4r's ghost, amateur OpTm
D:5 3 runed translucent doors, MisterFreud's ghost, amateur FoGl


Innate Abilities, Weirdness & Mutations

((You are very nimble when in or above water. (Stealth+, EV+, Speed+++)))
Your lower body shifts to a powerful aquatic tail in water.


Message History

The hornet buzzes angrily.
You see here a ring of flight.
Casting: Frozen Ramparts (safe; 1% risk of failure)
Confirm with . or Enter, or press ? or * to list all spells.
Casting: Frozen Ramparts (safe; 1% risk of failure)
Press: ? - help, Dir - look around, f - activate The walls around you are covered in ice.
The wall freezes the hornet. x2
The hornet stings you but does no damage.
Unknown command.
Casting: Frozen Ramparts (safe; 1% risk of failure)
Confirm with . or Enter, or press ? or * to list all spells.
A film of ice covers your body!
The wall freezes the hornet!
The hornet stings you!
You are poisoned.
You feel yourself slow down.
You aren't carrying any items that you can evoke.
You closely miss the hornet.
The hornet is heavily wounded.
You feel very sick.
The wall freezes the hornet.
The hornet barely misses you.
The wall freezes the hornet but does no damage.
The hornet stings you.
You feel as though you will be slow longer.
The wall freezes the hornet!
The hornet stings you!
You are lethally poisoned!
You feel as though you will be slow longer.
You barely miss the hornet.
The hornet is almost dead.
You feel extremely sick.
The wall freezes the hornet.
The hornet stings you.
* * * LOW HITPOINT WARNING * * *
You feel as though you will be slow longer.
The wall freezes the hornet but does no damage.
The hornet stings you!
* * * LOW HITPOINT WARNING * * *
You feel as though you will be slow longer.
Magic courses through your body.
You die...
Your body crumbles into a pile of gold.

#...# #.#. ##.#
#...# #.#.##..#
#...# #.#..#.#
#...# ##.##...#
..[.. ##......##
....#.##......##
####.#....######
#.##..######
#...@y.......
####..######.
#.>!. ######


You could see a hornet.

Vanquished Creatures
  A phantom (D:4)
  2 scorpions
  A jelly (D:5)
  3 orc priests (D:5)
  An iguana (D:5)
  An orc wizard (D:5)
  A scorpion zombie (D:5)
  A howler monkey zombie (D:5)
  A gnoll (D:1)
  4 adders
  3 worms
  2 dart slugs
  7 orcs (D:5)
  4 ball pythons
  2 bats
  8 endoplasms
  4 giant cockroaches
  5 goblins
  3 hobgoblins
  3 quokkas
  3 frilled lizards
  6 kobolds
  6 rats
72 creatures vanquished.

Notes
Turn   | Place    | Note
-------+----------+-------------------------------------------
     0 | D:1      | raph the Merfolk Ice Elementalist began the quest for the
                  | Orb.
     0 | D:1      | Reached XP level 1. HP: 13/13 MP: 3/3
    76 | D:1      | Reached skill level 5 in Ice Magic
    76 | D:1      | Reached XP level 2. HP: 7/19 MP: 0/5
  1032 | D:1      | Reached XP level 3. HP: 24/24 MP: 4/6
  1278 | D:1      | Found a faded altar of an unknown god.
  1774 | D:2      | Learned a level 3 spell: Frozen Ramparts
  1818 | D:2      | Reached skill level 6 in Ice Magic
  1818 | D:2      | Reached XP level 4. HP: 29/30 MP: 3/7
  2268 | D:3      | Learned a level 3 spell: Ozocubu's Armour
  2709 | D:3      | Found an opulent altar of Gozag.
  2714 | D:3      | Found an opulent altar of Gozag.
  2714 | D:3      | Found an opulent altar of Gozag.
  2991 | D:3      | Found an opulent altar of Gozag.
  3008 | D:3      | Became a worshipper of Gozag Ym Sagoz the Greedy
  3515 | D:4      | Found a radiant altar of Vehumet.
  3545 | D:4      | Noticed a phantom
  3586 | D:4      | Killed a phantom
  3587 | D:4      | Reached skill level 7 in Ice Magic
  3587 | D:4      | Reached XP level 5. HP: 35/35 MP: 8/8
  3932 | D:4      | Reached XP level 6. HP: 41/41 MP: 5/9
  4264 | D:4      | Found a runed translucent door.
  4266 | D:4      | Noticed t4s4d4r's ghost (amateur OpTm)
  4640 | D:5      | Entered Level 5 of the Dungeon
  4684 | D:5      | Reached skill level 8 in Ice Magic
  4898 | D:5      | Found a runed translucent gate.
  4898 | D:5      | Found a runed translucent gate.
  4898 | D:5      | Found a runed translucent gate.
  4898 | D:5      | Noticed MisterFreud's ghost (amateur FoGl)
  4900 | D:5      | Found a basalt altar of Yredelemnul.
  5083 | D:5      | Reached XP level 7. HP: 46/46 MP: 7/10
  5153 | D:5      | Reached skill level 9 in Ice Magic
  5409 | D:5      | Noticed a hornet
  5415 | D:5      | Succumbed to a hornet's poison

Illustrated notes

Levels and vault maps discovered:
D:1:      saegor_arrival_simple_b, layout_basic,
          dreamdust_ecumenical_altar_hidden_monk_grotto
D:2:      layout_basic
D:3:      layout_rooms, nicolae_gozag_conspicuous_consumption,
          kennysheep_generic_room_11
D:4:      layout_basic, mainiacjoe_overflow_catwalk,
          ebering_ghost_reflecting_pool
D:5:      layout_basic, lightli_temple_of_fire, mainiacjoe_overflow_alcove_2,
          nicolae_yredelemnul_ghost_church

Skill      XL: |  1  2  3  4  5  6  7 |
---------------+----------------------+-----
Ice Magic      | 5 6 7 8 9 |  9.3
Dodging        | |  2.6
Stealth        | |  2.1
Spellcasting   | |  2.0

Action                   |  1- 3 |  4- 6 |  7- 9 || total
-------------------------+-------+-------+-------++-------
Melee: Short sword       |    12 |    70 |     5 ||    87
 Cast: Freeze            |    36 |    14 |       ||    50
       Frozen Ramparts   |       |    20 |     6 ||    26
       Ozocubu's Armour  |       |     3 |     2 ||     5
  Use: Scroll            |       |    13 |       ||    13
       Potion            |       |     1 |     1 ||     2
 Stab: Sleeping          |     2 |     3 |       ||     5
Armor: Robe              |     5 |    21 |     1 ||    27
       Skin              |       |    12 |       ||    12
Dodge: Dodged            |    26 |    53 |     2 ||    81
